 Dungeon Crawl Stone Soup version 0.21.1-1-g345015fe64 (webtiles) character file.

417954 RepoMan the Pyromancer (level 22, 0/193 HPs)
             Began as a Pale Draconian Fire Elementalist on June 6, 2018.
             Was the Champion of Vehumet.
             Slain by a sphinx (3 damage)
             ... on level 5 of the Vaults on June 20, 2018.
             The game lasted 09:43:50 (52024 turns).

RepoMan the Pyromancer (DrFE)                      Turns: 52024, Time: 09:43:51

Health: 0/193      AC: 18    Str: 12    XL:     22   Next: 59%
Magic:  54/60      EV: 16    Int: 28    God:    Vehumet [******]
Gold:   3031       SH:  0    Dex:  6    Spells: 8/53 levels left

rFire    . . .     SeeInvis +   L - +7 short sword "Laefat" {holy, rPois Int+4 Dex-4 SInv}
rCold    . . .     Gourm    .   (no shield)
rNeg     . . .     Faith    .   (armour unavailable)
rPois    +         Spirit   .   m - +2 hat
rElec    .         Reflect  .   x - scarf {cloud immunity}
rCorr    .         Harm     .   T - +2 pair of gloves
MR       +....                  X - +1 pair of boots of Dice, Bag, and Bottle {MP+9}
Stlth    +.........             G - amulet of magic regeneration
HPRegen  0.42/turn              B - ring of wizardry
MPRegen  0.62/turn              F - ring of magical power

@: no status effects
A: breathe steam, unfitting armour, clumsy 1, deterioration 1, cold-blooded, AC
+11
}: 2/15 runes: barnacled, gossamer
a: Breathe Steam, Renounce Religion


You were on level 5 of the Vaults.
You worshipped Vehumet.
Vehumet was exalted by your worship.
You were hungry.

You visited 8 branches of the dungeon, and saw 40 of its levels.
You visited 1 bazaar.
You also visited: Ossuary, Ice Cave, Wizlab and Desolation.

You collected 4817 gold pieces.
You spent 1786 gold pieces at shops.

Inventory:

Hand Weapons
 L - the +7 short sword "Laefat" (weapon) {holy, rPois Int+4 Dex-4 SInv}
   (You found it on level 6 of the Dungeon)

   It has been blessed by the Shining One to cause great damage to the undead
   and demons.
   It affects your intelligence (+4).
   It affects your dexterity (-4).
   It protects you from poison.
   It lets you see invisible.
 Q - the +3 dagger of Irritation {venom, rF+ MP+9}
   (You took it off a deep elf death mage on level 3 of the Elven Halls)

   It poisons the flesh of those it strikes.
   It protects you from fire.
   It affects your magic capacity (+9).
Missiles
 V - 12 throwing nets (quivered)
Armour
 m - a +2 hat (worn)
 x - a scarf of cloud immunity (worn)
 T - a +2 pair of gloves (worn)
 X - the +1 pair of boots of Dice, Bag, and Bottle (worn) {MP+9}
   (You found it on level 11 of the Dungeon)

   It affects your magic capacity (+9).
Jewellery
 g - an uncursed ring of protection from cold
 k - an uncursed ring of magical power
 w - an uncursed ring of flight
 z - an uncursed ring of positive energy
 B - a ring of wizardry (left hand)
 F - a ring of magical power (right hand)
 G - an amulet of magic regeneration (around neck)
 P - the amulet of Kasinn {+Rage Str-5 Int+2 SInv}
   (You found it in the Desolation of Salt)

   [amulet of rage]

   It affects your strength (-5).
   It affects your intelligence (+2).
   It lets you see invisible.
   It lets you go berserk.
 R - an uncursed ring of protection from fire
Wands
 j - a wand of disintegration (39)
 o - a wand of acid (8)
 r - a wand of digging (46)
 v - a wand of enslavement (12)
 I - a wand of iceblast (43)
 W - a wand of clouds (6)
Scrolls
 f - a scroll of magic mapping
 i - 5 scrolls of identify
 l - 14 scrolls of teleportation
 s - 21 scrolls of remove curse
 y - a scroll of holy word
 E - a scroll of summoning
 N - 7 scrolls of immolation
Potions
 a - 3 potions of cancellation
 e - 3 potions of resistance
 h - 7 potions of ambrosia
 q - 4 potions of brilliance
 t - a potion of magic
 u - 10 potions of curing
 A - 5 potions of flight
 D - 2 potions of might
 K - a potion of haste
 S - a potion of invisibility
Books
 n - a book of Transfigurations

   Spells                             Type                      Level
   a - Irradiate                      Conjuration/Transmutation    5
   b - Statue Form                    Transmutation/Earth          6
   c - Hydra Form                     Transmutation                6
   d - Dragon Form                    Transmutation                7
 p - a book of the Tempests

   Spells                             Type                      Level
   a - Static Discharge               Conjuration/Air              3
   b - Lightning Bolt                 Conjuration/Air              5
   c - Ignition                       Fire                         8
   d - Tornado                        Air                          9
   e - Shatter                        Earth                        9
 C - the Handbook of the Glacier
   (You found it in the Desolation of Salt)

   Spells                             Type                      Level
   a - Freeze                         Ice                          1
   b - Bolt of Cold                   Conjuration/Ice              6
 M - the Guide on Damaging Cold
   (You found it in the Desolation of Salt)

   Spells                             Type                      Level
   a - Flame Tongue                   Conjuration/Fire             1
   b - Throw Icicle                   Conjuration/Ice              4
   c - Bolt of Cold                   Conjuration/Ice              6
   d - Ozocubu's Refrigeration        Ice                          6
Miscellaneous
 c - a lightning rod (4/4)
 O - a phial of floods
Comestibles
 b - 31 rations


   Skills:
 - Level 15.4 Fighting
 + Level 14.4 Dodging
 - Level 1.7 Stealth
 + Level 16.1 Spellcasting
 + Level 17.2 Conjurations
 + Level 3.5 Charms
 - Level 4.3 Translocations
 * Level 24.9 Fire Magic
 - Level 4.8 Evocations


You had 8 spell levels left.
You knew the following spells:

 Your Spells              Type           Power        Failure   Level  Hunger
a - Flame Tongue          Conj/Fire      #####        0%          1    None
b - Blink                 Tloc           N/A          1%          2    None
d - Orb of Destruction    Conj           #######...   1%          7    #####..
e - Fireball              Conj/Fire      #######...   0%          5    None
f - Inner Flame           Hex/Fire       #######.     1%          3    None
g - Gell's Gravitas       Tloc           #####.....   1%          3    None
i - Ignition              Fire           ########..   1%          8    ######.
m - Bolt of Magma         Conj/Fire/Erth #######...   1%          5    None
r - Regeneration          Chrm/Necr      ####......   1%          3    None
s - Sticky Flame          Conj/Fire      #######.     0%          4    None
x - Airstrike             Air            ###.......   2%          4    None


Dungeon Overview and Level Annotations

Branches:
Dungeon (15/15)            Temple (1/1) D:7            Lair (6/6) D:10
 Shoals (4/4) Lair:3       Spider (4/4) Lair:2        Slime (0/5) Lair:6
    Orc (2/2) D:11            Elf (3/3) Orc:2        Vaults (5/5) D:14
  Crypt (0/3) Vaults:2     Depths (0/5) D:15

Altars:
Ashenzari
Cheibriados
Dithmenos
Elyvilon
Fedhas
Gozag
Hepliaklqana
Kikubaaqudgha
Makhleb
Nemelex Xobeh
Okawaru
Qazlal
Ru
Sif Muna
Trog
Uskayaw
Vehumet
Wu Jian
Xom
Yredelemnul
Zin
The Shining One
Beogh
Jiyva
Lugonu

Shops:
D:7 (   Orc:1 (   Orc:2 *?!*   Shoals:1 [   Vaults:1 :   Vaults:3 =
Vaults:4 }

Annotations:
D:15 Lokiki's ghost, adept FoFi
Elf:2 3 runed doors, exclusion: 3 doors


Innate Abilities, Weirdness & Mutations

You can breathe blasts of scalding, opaque steam.
Your pale cyan-grey scales are hard. (AC +11)
You cannot fit into any form of body armour.
You are cold-blooded and may be slowed by cold attacks.
You are clumsy. (Dex -2)
Your body sometimes deteriorates upon taking damage.


Message History

Something smites you!
The storm dragon breathes lightning at you.
The bolt of lightning hits you! The yaktaur captain barely misses you.
Your fire giant points at the storm dragon and mumbles some strange words.
The bolt of fire hits the storm dragon.
The bolt of fire hits the deep elf mage.
Your deep elf mage hits the storm dragon but does no damage.
Casting: Sticky Flame
Confirm with . or Enter, or press ? or * to list all spells.
You blink.
You have got your breath back.
The yaktaur captain burns!
The storm dragon barely misses your deep elf mage. x2
The storm dragon tramples your deep elf mage.
Your deep elf mage stumbles backwards!
The golden dragon breathes cold at you. The bolt of cold hits you!
* * * LOW HITPOINT WARNING * * *
The sphinx closely misses you. The sphinx hits you.
You die...

#....# #....#. ##
#....#. ##.# #....#.
. #.#.##§.C(#.C.
#.#.#.(De#...
#..)ec)......
#####..).§§§C########
.....)))§§.cH@.......
....).)<).§§)).......
........<<...........
........)..D.........
#####..))....########
....)......
...#....#...
...##....#... ..D.
#....# ..


You could see a golden dragon, a storm dragon, a sphinx, a stone giant, a
yaktaur captain (burning), a yaktaur, a friendly fire giant and a friendly deep
elf mage.

Vanquished Creatures
  An ancient lich (Vaults:4)
  A moon troll (WizLab)
  2 quicksilver dragons (WizLab)
  A deep elf blademaster (Elf:3)
  A titan (Vaults:4)
  2 deep elf master archers (Elf:3)
  An ancient champion (Vaults:2)
  A kraken (Shoals:1)
  12 tentacled starspawn (WizLab)
  Kirke (Spider:3)
  2 tengu reavers
  Ilsuiw (Shoals:4)
  8 deep elf sorcerers
  An imperial myrmidon (Desolation)
  5 vault wardens
  A fire giant (D:15)
  5 ghost moths
  5 emperor scorpions
  4 deep elf elementalists
  A cacodemon (WizLab)
  A ghoul (Vaults:2)
  9 stone giants
  8 ironheart preservers
  A vampire knight (Vaults:2)
  2 war gargoyles
  7 entropy weavers
  4 deep elf demonologists (Elf:3)
  3 very ugly things (WizLab)
  4 halazid warlocks (Desolation)
  8 deep elf annihilators (Elf:3)
  An ettin (Vaults:2)
  9 merfolk javelineers
  The ghost of waaargh the Slicer, a journeyman HuGl of Qazlal (D:12)
  7 yaktaur captains
  2 crystal guardians (Desolation)
  5 deep elf death magi
  3 great orbs of eyes
  17 merfolk impalers
  2 fire dragons
  12 ragged hierophants (Desolation)
  The ghost of Freyura the Basher, a journeyman MiFi of Ashenzari (D:12)
  27 vault guards
  2 ice dragons
  3 deep elf high priests (Elf:3)
  7 servants of whispers (Desolation)
  2 rakshasas
  Erolcha (D:9)
  7 peacekeepers (Desolation)
  The ghost of raetorn the Thaumaturge, a journeyman GnWr of Cheibriados (D:11)
  Harold (Lair:3)
  8 centaur warriors
  4 hydras
  A catoblepas (Lair:6)
  7 merfolk avatars
  A death knight (D:14)
  19 dancing weapons
  7 satyrs
  A queen ant (Spider:2)
  35 two-headed ogres
  A deep troll shaman (Lair:6)
  4 merfolk aquamancers
  10 death yaks
  10 ogre magi
  A deep troll earth mage (Vaults:2)
  Urug (Orc:1)
  5 orc high priests (Orc:2)
  2 tengu warriors (D:15)
  17 deep elf knights
  Sonja (D:15)
  A shadow wraith (Vaults:4)
  3 unseen horrors
  A wretched star (WizLab)
  3 wizards
  6 starcursed masses (WizLab)
  An unseen horror (shapeshifter) (Vaults:3)
  17 sea snakes
  A kraken simulacrum (Shoals:4)
  An orange crystal statue (WizLab)
  6 glowing orange brains (WizLab)
  11 deep trolls
  14 ironbrand convokers
  Pikel (D:4)
  3 necromancers
  25 orc knights
  A lindwurm (Lair:6)
  16 deep elf archers
  11 orb spiders
  11 harpies
  9 cyclopes
  An oklob plant (Lair:6)
  20 ugly things
  17 wolf spiders
  17 manticores
  17 fauns
  5 orc sorcerers
  54 deep elf magi
  The ghost of strelocc the Covert, a novice SpEn of Ashenzari (D:8)
  4 black mambas
  A salamander (shapeshifter) (Vaults:3)
  11 elephants
  An ice statue (IceCv)
  2 centaur zombies (D:13)
  3 guardian serpents (Desolation)
  16 vault sentinels
  7 merfolk sirens
  2 eyes of devastation (WizLab)
  2 molten gargoyles (Desolation)
  A centaur skeleton (D:12)
  7 water nymphs
  15 spiny frogs
  A storm dragon simulacrum (Vaults:2)
  3 torpor snails
  2 gargoyles
  A spiny frog (shapeshifter) (Vaults:2)
  9 yaktaurs
  15 freezing wraiths
  3 komodo dragons
  A kobold demonologist (D:14)
  13 demonic crawlers
  3 rime drakes
  49 merfolk
  4 trolls
  A polar bear (shapeshifter) (Vaults:3)
  A hornet (shapeshifter) (Vaults:1)
  2 polar bears
  4 wind drakes
  3 hornets
  4 harpy zombies (Shoals:2)
  A wind drake (shapeshifter) (D:14)
  10 blink frogs (Lair:2)
  37 jumping spiders
  12 slime creatures
  3 meliai (D:14)
  74 saltlings (Desolation)
  17 dream sheep
  Prince Ribbit (D:9)
  13 snapping turtles
  9 hippogriffs
  26 tarantellas
  51 redbacks
  4 wyverns
  A redback (shapeshifter) (Vaults:1)
  A vampire (D:14)
  3 air elementals
  A human simulacrum (Vaults:2)
  A spriggan (D:7)
  4 fire elementals
  A shadow (D:15)
  2 humans (shapeshifter)
  42 yaks
  3 wraiths
  8 water elementals
  2 hungry ghosts
  Grum (D:11)
  5 hogs (Spider:3)
  Eustachio (D:5)
  3 neqoxecs (WizLab)
  3 golden eyes (WizLab)
  Menkaure (D:7)
  3 basilisks
  17 vampire mosquitoes
  2 soldier ants
  3 acid dragons
  Edmund (D:6)
  8 wargs
  16 water moccasins
  The ghost of Artool the Skirmisher, an amateur OgBe of Trog (D:3)
  49 orc warriors
  16 porcupines
  A slave (D:4)
  12 ice beasts
  4 sky beasts
  4 black bears
  4 phantoms
  An alligator simulacrum (IceCv)
  28 ogres
  28 wolves
  4 boggarts (Vaults:1)
  15 centaurs
  9 crocodiles
  A centaur (shapeshifter) (Vaults:2)
  4 big kobolds
  Blork the orc (D:4)
  11 bullfrogs
  An earth elemental (Elf:1)
  A gnoll sergeant (D:9)
  A hippogriff zombie (Shoals:2)
  A water moccasin zombie (D:6)
  A wyvern skeleton (D:11)
  7 scorpions
  9 killer bees
  An orc simulacrum (Vaults:1)
  An elf simulacrum (Vaults:2)
  An elephant simulacrum (IceCv)
  3 wights (D:14)
  6 howler monkeys
  6 electric eels
  3 crimson imps
  2 quasits
  2 draconian simulacra (IceCv)
  8 hounds
  3 jellies
  4 bullfrog zombies
  36 orc wizards
  40 orc priests
  2 bullfrog skeletons
  6 iguanas
  Natasha (thrice) (D:4)
  15 worker ants
  5 troll simulacra (IceCv)
  A polar bear simulacrum (IceCv)
  2 spriggan simulacra (IceCv)
  A wolf simulacrum (IceCv)
  3 centaur simulacra (IceCv)
  A mummy (Ossuary)
  10 adders
  14 gnolls
  6 naga simulacra (IceCv)
  2 ogre simulacra (IceCv)
  3 shadow imps
  13 white imps
  2 oozes
  An adder zombie (D:5)
  A worm (D:5)
  3 leopard geckos
  100 orcs
  2 ball pythons (D:1)
  5 giant cockroaches
  5 goblins
  9 hobgoblins
  3 jackals (D:3)
  24 kobolds
  8 quokkas
  7 bats
  4 frilled lizards
  8 gnoll skeletons (Ossuary)
  A gnoll zombie (D:5)
  A hobgoblin zombie (D:5)
  A jackal skeleton (D:4)
  A kobold skeleton (Ossuary)
  9 orc skeletons (Ossuary)
  4 rats
  A bush (Lair:6)
  2 butterflies (Lair:3)
  A crawling corpse (Elf:3)
  A fungus (Lair:2)
  13 plants
  10 starspawn tentacles (WizLab)
  5 tentacles
1854 creatures vanquished.

Vanquished Creatures (collateral kills)
  Mara (Elf:3)
  A deep elf blademaster (Elf:3)
  The ghost of Niraks the Warrior, a journeyman MiBe of Trog (Spider:1)
  A ghost moth (Spider:3)
  A deep elf elementalist (Elf:3)
  A deep elf death mage (Elf:3)
  A wolf spider (Spider:1)
  A kobold skeleton (Ossuary)
  2 orc skeletons (Ossuary)
10 creatures vanquished.

Vanquished Creatures (others)
  A saltling (Desolation)
  A slave (D:5)
  A centaur skeleton (D:4)
  A gnoll skeleton (Ossuary)
  3 orc skeletons (Ossuary)
  10 demonic plants (WizLab)
  14 fungi
  22 plants
  23 starspawn tentacles (WizLab)
  3 tentacles
79 creatures vanquished.

Grand Total: 1943 creatures vanquished

Notes
Turn   | Place    | Note
-------+----------+-------------------------------------------
     0 | D:1      | RepoMan the Draconian Fire Elementalist began the quest for the Orb.
     0 | D:1      | Reached XP level 1. HP: 14/14 MP: 3/3
   291 | D:1      | Reached XP level 2. HP: 20/20 MP: 3/5
   295 | D:1      | Learned a level 2 spell: Throw Flame
  1085 | D:2      | Reached XP level 3. HP: 26/26 MP: 3/6
  1112 | D:2      | Learned a level 3 spell: Conjure Flame
  1137 | D:2      | Found a basalt altar of Yredelemnul.
  1896 | D:3      | Noticed Artool's ghost (amateur OgBe)
  1915 | D:3      | Killed Artool's ghost
  1915 | D:3      | Reached skill level 4 in Fire Magic
  1915 | D:3      | Reached XP level 4. HP: 33/33 MP: 0/8
  1915 | D:3      | Reached XP level 5. HP: 38/38 MP: 0/9
  1920 | D:3      | Learned a level 3 spell: Inner Flame
  2334 | D:3      | Reached skill level 5 in Fire Magic
  2699 | D:3      | Found an opulent altar of Gozag.
  2699 | D:3      | Found a sparkling altar of Nemelex Xobeh.
  2793 | D:4      | Noticed Natasha
  2806 | D:4      | Killed Natasha
  3019 | D:4      | Reached XP level 6. HP: 43/45 MP: 5/10
  3293 | D:4      | Noticed Natasha
  3369 | D:4      | Noticed Blork the orc
  3378 | D:4      | Killed Blork the orc
  3437 | D:4      | Killed Natasha
  3497 | D:4      | Noticed Natasha
  3501 | D:4      | Killed Natasha
  3697 | D:4      | Noticed a slave
  3697 | D:4      | Noticed a slave
  3701 | D:4      | Noticed Pikel
  3701 | D:4      | Noticed a slave
  3701 | D:4      | Killed a slave
  3703 | D:4      | Noticed a slave
  3704 | D:4      | Killed Pikel
  3704 | D:4      | Reached skill level 7 in Fire Magic
  3704 | D:4      | Your scales start taking on a pale cyan-grey colour.
  3704 | D:4      | Reached XP level 7. HP: 50/50 MP: 7/13
  3941 | D:4      | Learned a level 4 spell: Sticky Flame
  4171 | D:5      | Entered Level 5 of the Dungeon
  4171 | D:5      | Found a sand-covered staircase.
  4201 | Ossuary  | Entered an ossuary
  4201 | Ossuary  | Noticed a wraith
  4201 | Ossuary  | Noticed a wraith
  4201 | Ossuary  | Noticed a wraith
  4523 | Ossuary  | Noticed a wraith
  4539 | Ossuary  | Killed a wraith
  4539 | Ossuary  | Reached skill level 8 in Fire Magic
  4539 | Ossuary  | Reached XP level 8. HP: 57/57 MP: 8/15
  4711 | D:5      | Found a snail-covered altar of Cheibriados.
  4779 | D:5      | Reached skill level 5 in Spellcasting
  4779 | D:5      | Reached skill level 5 in Conjurations
  4845 | D:5      | Found a glowing golden altar of the Shining One.
  4930 | D:5      | Noticed Eustachio
  4935 | D:5      | Killed Eustachio
  4935 | D:5      | Reached skill level 9 in Fire Magic
  4968 | D:5      | Found a sacrificial altar of Ru.
  5337 | D:5      | Found a glowing silver altar of Zin.
  5838 | D:6      | Got a twisted short sword
  5843 | D:6      | Identified the +7 short sword "Laefat" {holy, rPois Int+4 Dex-4 SInv} (You found it on level 6 of the Dungeon)
  5851 | D:6      | Noticed Edmund
  5857 | D:6      | Killed Edmund
  5857 | D:6      | Reached XP level 9. HP: 62/62 MP: 17/17
  6120 | D:6      | Reached skill level 10 in Fire Magic
  6127 | D:6      | Learned a level 5 spell: Fireball
  6371 | D:6      | Found a sparkling altar of Nemelex Xobeh.
  6958 | D:7      | Found a white marble altar of Elyvilon.
  6959 | D:7      | Found an iron altar of Okawaru.
  6967 | D:7      | Found a blossoming altar of Fedhas.
  6997 | D:7      | Found a staircase to the Ecumenical Temple.
  7036 | Temple   | Entered the Ecumenical Temple
  7129 | D:7      | Noticed Menkaure
  7131 | D:7      | Killed Menkaure
  7131 | D:7      | Reached skill level 11 in Fire Magic
  7233 | D:7      | Found Hualezo's Antique Weapon Shop.
  7264 | D:8      | Found a hide-covered altar of Uskayaw.
  7570 | D:8      | Reached XP level 10. HP: 69/69 MP: 20/20
  7613 | D:8      | Noticed a two-headed ogre
  7631 | D:8      | Killed a two-headed ogre
  7664 | D:8      | Noticed strelocc's ghost (novice SpEn)
  7674 | D:8      | Killed strelocc's ghost
  7674 | D:8      | Reached skill level 12 in Fire Magic
  7783 | D:8      | Noticed a two-headed ogre
  7795 | D:8      | Killed a two-headed ogre
  8202 | D:8      | Found a radiant altar of Vehumet.
  8216 | D:8      | Identified Vehumet's Catalogue of Confrontation
  8218 | D:8      | Became a worshipper of Vehumet
  8224 | D:8      | Found an ancient bone altar of Kikubaaqudgha.
  8236 | D:8      | Found a deep blue altar of Sif Muna.
  8379 | D:9      | Noticed Erolcha
  8383 | D:9      | Killed Erolcha
  8397 | D:9      | Reached skill level 13 in Fire Magic
  8412 | D:9      | Reached XP level 11. HP: 54/74 MP: 7/23
  8654 | D:9      | Found a hazy altar of Hepliaklqana.
  8655 | D:9      | Found a shimmering altar of Xom.
  8754 | D:9      | Noticed a two-headed ogre
  8762 | D:9      | Killed a two-headed ogre
  8998 | D:9      | Noticed a two-headed ogre
  9016 | D:9      | Killed a two-headed ogre
  9087 | D:9      | Reached * piety under Vehumet
  9087 | D:9      | Offered knowledge of Sting by Vehumet.
  9090 | D:9      | Learned a level 1 spell: Sting
  9187 | D:9      | Noticed Prince Ribbit
  9190 | D:9      | Killed Prince Ribbit
  9211 | D:9      | Noticed a two-headed ogre
  9220 | D:9      | Killed a two-headed ogre
  9413 | D:10     | Entered Level 10 of the Dungeon
  9543 | D:10     | Found a staircase to the Lair.
 10207 | D:10     | Reached skill level 14 in Fire Magic
 10316 | D:11     | Reached ** piety under Vehumet
 10362 | D:11     | Offered knowledge of Searing Ray by Vehumet.
 10366 | D:11     | Learned a level 2 spell: Searing Ray
 10652 | D:11     | Noticed an unseen horror
 10661 | D:11     | Killed an unseen horror
 10661 | D:11     | Reached skill level 1 in Fighting
 10663 | D:11     | Got a pair of ancient boots
 10681 | D:11     | Identified the +1 pair of boots of Dice, Bag, and Bottle {MP+9} (You found it on level 11 of the Dungeon)
 10734 | D:11     | Noticed a two-headed ogre
 10753 | D:11     | Killed a two-headed ogre
 10764 | D:11     | Noticed an unseen horror
 10769 | D:11     | Killed an unseen horror
 10892 | D:11     | Noticed a green ugly thing
 10903 | D:11     | Killed a green ugly thing
 11055 | D:11     | Noticed raetorn's ghost (journeyman GnWr)
 11064 | D:11     | Noticed Grum
 11073 | D:11     | Killed Grum
 11104 | D:11     | Killed raetorn's ghost
 11198 | D:11     | Found a staircase to the Orcish Mines.
 11205 | D:11     | Offered knowledge of Dazzling Spray by Vehumet.
 11215 | D:11     | Reached XP level 12. HP: 63/89 MP: 25/25
 11237 | D:11     | Found a roughly hewn altar of Beogh.
 11307 | D:12     | Reached *** piety under Vehumet
 11320 | D:12     | Noticed waaargh's ghost (journeyman HuGl)
 11436 | D:12     | Noticed Freyura's ghost (journeyman MiFi)
 11477 | Lair:1   | Entered Level 1 of the Lair of Beasts
 11895 | Lair:1   | Offered knowledge of Airstrike by Vehumet.
 12001 | Lair:1   | Reached skill level 10 in Conjurations
 12155 | Lair:1   | Learned a level 4 spell: Airstrike
 12631 | Lair:2   | Reached skill level 15 in Fire Magic
 13189 | Lair:2   | Found a hole to the Spider Nest.
 13193 | Lair:2   | Reached skill level 5 in Fighting
 13367 | Lair:2   | Reached **** piety under Vehumet
 13626 | Lair:2   | Offered knowledge of Bolt of Draining by Vehumet.
 13949 | Lair:2   | Learned a level 3 spell: Regeneration
 14328 | Lair:3   | Found a staircase to the Shoals.
 14346 | Lair:3   | Reached skill level 5 in Dodging
 14359 | Lair:3   | Noticed an eight-headed hydra
 14365 | Lair:3   | Found a hide-covered altar of Uskayaw.
 14369 | Lair:3   | Killed an eight-headed hydra
 14603 | Lair:3   | Reached XP level 13. HP: 81/101 MP: 26/26
 14884 | Lair:3   | Noticed Harold
 14899 | Lair:3   | Killed Harold
 14899 | Lair:3   | Reached skill level 10 in Spellcasting
 15720 | Lair:4   | Found a frozen archway.
 15723 | Lair:4   | Reached skill level 1 in Charms
 15736 | IceCv    | Entered an ice cave
 15754 | IceCv    | Reached skill level 16 in Fire Magic
 15771 | IceCv    | Reached ***** piety under Vehumet
 15771 | IceCv    | Offered knowledge of Fulminant Prism by Vehumet.
 16000 | IceCv    | Identified the Volume of Glacial Air
 16015 | IceCv    | Found an ancient bone altar of Kikubaaqudgha.
 17197 | Lair:5   | Offered knowledge of Iskenderun's Mystic Blast by Vehumet.
 17933 | Lair:5   | Reached XP level 14. HP: 102/113 MP: 24/28
 18348 | Lair:6   | Entered Level 6 of the Lair of Beasts
 18559 | Lair:6   | Reached skill level 17 in Fire Magic
 19009 | Lair:6   | Found a viscous altar of Jiyva.
 19009 | Lair:6   | Found a staircase to the Slime Pits.
 19751 | Lair:2   | Learned a level 4 spell: Iskenderun's Mystic Blast
 19853 | Orc:1    | Entered Level 1 of the Orcish Mines
 20203 | Orc:1    | Offered knowledge of Iron Shot by Vehumet.
 20217 | Orc:1    | Learned a level 6 spell: Iron Shot
 20256 | Orc:1    | Noticed Urug
 20338 | Orc:1    | Killed Urug
 20483 | Orc:1    | Found Ymaet's Weapon Emporium.
 20736 | Orc:2    | Entered Level 2 of the Orcish Mines
 20840 | Orc:2    | Reached ****** piety under Vehumet
 20840 | Orc:2    | Offered knowledge of Bolt of Magma by Vehumet.
 21213 | Orc:2    | Found a bloodstained altar of Trog.
 21345 | Orc:2    | Found a staircase to the Elven Halls.
 21797 | Orc:2    | Reached XP level 15. HP: 103/124 MP: 10/30
 21987 | Orc:2    | Found Arui's General Store.
 21987 | Orc:2    | Found Janwups's Distillery.
 21988 | Orc:2    | Found Ydaqiar's Magic Scroll Shop.
 21988 | Orc:2    | Found Zeecleoja's Assorted Antiques.
 21995 | Orc:2    | Bought a potion of heal wounds for 55 gold pieces
 21995 | Orc:2    | Bought a potion of brilliance for 44 gold pieces
 21995 | Orc:2    | Bought a potion of magic for 88 gold pieces
 21996 | Orc:2    | Bought a scroll of immolation for 84 gold pieces
 21996 | Orc:2    | Bought a scroll of magic mapping for 84 gold pieces
 21998 | Orc:2    | Bought a scroll of identify for 20 gold pieces
 21998 | Orc:2    | Bought a scroll of blinking for 75 gold pieces
 21998 | Orc:2    | Bought 2 scrolls of identify for 40 gold pieces
 21998 | Orc:2    | Bought a scroll of immolation for 35 gold pieces
 22171 | Lair:2   | Learned a level 5 spell: Bolt of Magma
 22236 | Spider:1 | Entered Level 1 of the Spider Nest
 22239 | Spider:1 | Reached skill level 18 in Fire Magic
 22243 | Spider:1 | Noticed Niraks's ghost (journeyman MiBe)
 22275 | Spider:1 | Killed Niraks's ghost
 22788 | Spider:1 | Offered knowledge of Freezing Cloud by Vehumet.
 23376 | Spider:2 | Noticed a ghost moth
 23386 | Spider:2 | Killed a ghost moth
 24010 | Spider:2 | Reached skill level 10 in Fighting
 24465 | Spider:3 | Noticed Kirke
 24469 | Spider:3 | Killed Kirke
 24469 | Spider:3 | Offered knowledge of Bolt of Fire by Vehumet.
 25107 | Spider:4 | Entered Level 4 of the Spider Nest
 25123 | Spider:4 | Noticed a ghost moth
 25496 | Spider:4 | Noticed a ghost moth
 25506 | Spider:3 | Killed a ghost moth
 25608 | Spider:4 | Noticed a ghost moth
 25620 | Spider:3 | Killed a ghost moth
 25620 | Spider:3 | Reached XP level 16. HP: 107/135 MP: 16/32
 25691 | Spider:3 | Reached skill level 19 in Fire Magic
 27806 | Spider:4 | Offered knowledge of Bolt of Cold by Vehumet.
 28551 | Spider:4 | Got a gossamer rune of Zot
 28897 | D:12     | Killed Freyura's ghost
 29150 | D:12     | Killed waaargh's ghost
 30136 | D:13     | Offered knowledge of Fire Storm by Vehumet.
 30136 | D:13     | Offered knowledge of Tornado by Vehumet.
 30136 | D:13     | Offered knowledge of Ignition by Vehumet.
 30599 | D:14     | Reached skill level 10 in Dodging
 30672 | D:14     | Got an encrusted rapier {elec}
 30698 | D:14     | Identified the +7 rapier "Brush" {elec, Str+4} (You took it off a meliai on level 14 of the Dungeon)
 30936 | D:14     | Found a sacrificial altar of Ru.
 31071 | D:14     | Reached skill level 20 in Fire Magic
 31071 | D:14     | Reached XP level 17. HP: 119/144 MP: 33/33
 31148 | D:14     | Found a gate to the Vaults.
 31171 | Vaults:1 | Entered Level 1 of the Vaults
 31201 | Vaults:1 | Found Qaacu's Book Emporium.
 31697 | Vaults:1 | Bought a book of Power for 945 gold pieces
 31705 | Vaults:1 | Learned a level 7 spell: Orb of Destruction
 32820 | Vaults:2 | Found a flickering gateway to a bazaar.
 32829 | Bazaar   | Entered a bazaar
 32843 | Bazaar   | Found Teliet's General Store.
 32865 | Bazaar   | Found Deiverou's Magic Scroll Emporium.
 32895 | Bazaar   | Found Sualuq's Book Emporium.
 32895 | Bazaar   | Found Oxtil's Assorted Antiques.
 32953 | Bazaar   | Bought a scroll of identify for 24 gold pieces
 32953 | Bazaar   | Bought a scroll of identify for 24 gold pieces
 32953 | Bazaar   | Bought a scroll of blinking for 90 gold pieces
 32953 | Bazaar   | Bought a scroll of amnesia for 42 gold pieces
 32953 | Bazaar   | Bought a scroll of amnesia for 42 gold pieces
 32953 | Bazaar   | Bought a scroll of magic mapping for 42 gold pieces
 32967 | Bazaar   | Bought a scroll of blinking for 52 gold pieces
 33264 | Vaults:2 | Found a staircase to the Crypt.
 34215 | Vaults:2 | Reached XP level 18. HP: 152/155 MP: 22/35
 34312 | Vaults:2 | Reached skill level 21 in Fire Magic
 34934 | Vaults:1 | Learned a level 8 spell: Ignition
 35006 | D:15     | Entered Level 15 of the Dungeon
 35008 | D:15     | Noticed Lokiki's ghost (adept FoFi)
 35117 | D:15     | Noticed Sonja
 35118 | D:15     | Killed Sonja
 35230 | D:15     | Found a staircase to the Depths.
 35531 | D:15     | Identified a scroll of acquirement
 35533 | D:15     | Got a scorched hat
 35544 | D:15     | Identified the +0 hat of the Nightingale {*Slow rPois Str+8 Int+2} (You acquired it on level 15 of the Dungeon)
 36257 | Elf:1    | Entered Level 1 of the Elven Halls
 37307 | Elf:2    | Found a magical portal.
 37319 | WizLab   | Entered Lehudib's Moon Base
 37898 | WizLab   | Gained mutation: You are clumsy. (Dex -2) [a cacodemon]
 38059 | WizLab   | Reached XP level 19. HP: 165/165 MP: 37/37
 38132 | WizLab   | Reached skill level 15 in Conjurations
 38303 | WizLab   | Gained mutation: Your body sometimes deteriorates upon taking damage. [a neqoxec]
 38319 | WizLab   | Reached skill level 22 in Fire Magic
 38515 | WizLab   | Found a transporter.
 38755 | WizLab   | Identified Lehudib's Handbook of Hurtful Stones
 38777 | WizLab   | Found a transporter.
 38787 | WizLab   | Got a polished quarterstaff
 38802 | WizLab   | Identified the cursed +1 quarterstaff "Zogio" {vamp, rF++} (You found it in a wizard's laboratory)
 38932 | Elf:2    | Found a runed gate.
 38932 | Elf:2    | Found a runed gate.
 38932 | Elf:2    | Found a runed gate.
 39493 | Elf:3    | Entered Level 3 of the Elven Halls
 39595 | Elf:3    | Noticed Mara
 39609 | Elf:3    | Noticed RepoMan's illusion
 40017 | Elf:3    | Killed Mara
 41446 | Elf:3    | Reached XP level 20. HP: 176/176 MP: 38/38
 41681 | Elf:3    | Got a scorched dagger {venom}
 41681 | Elf:3    | Got a warped shortbow {velocity}
 41953 | Elf:3    | Found the +3 hat of Pondering {ponderous, MR+ MP+10 Int+5}
 42030 | Elf:3    | Found the +10 dark maul {crush}
 42057 | Elf:3    | Identified the +3 dagger of Irritation {venom, rF+ MP+9} (You took it off a deep elf death mage on level 3 of the Elven Halls)
 42058 | Elf:3    | Identified the +3 shortbow "Xoakus" {velocity, rPois} (You took it off a deep elf archer on level 3 of the Elven Halls)
 42064 | Elf:3    | Identified the Disquisition on Dusty Malediction
 42597 | Shoals:1 | Entered Level 1 of the Shoals
 43026 | Shoals:1 | Reached skill level 23 in Fire Magic
 43259 | Shoals:1 | Found Yfaekh's Armour Shop.
 43747 | Shoals:2 | Learned a level 2 spell: Blink
 44782 | Shoals:3 | Reached skill level 15 in Spellcasting
 45033 | Shoals:3 | Reached skill level 15 in Fighting
 45360 | Shoals:4 | Entered Level 4 of the Shoals
 46303 | Shoals:4 | Noticed Ilsuiw
 46313 | Shoals:4 | Killed Ilsuiw
 46315 | Shoals:4 | Reached XP level 21. HP: 138/184 MP: 40/40
 46377 | Shoals:4 | Got an ancient war axe
 46996 | Shoals:4 | Got a barnacled rune of Zot
 47307 | Lair:2   | Identified the +7 war axe of Wounding {speed, Dex+3} (You found it on level 4 of the Shoals)
 47341 | Lair:2   | Learned a level 3 spell: Gell's Gravitas
 47750 | Vaults:3 | Got a dazzling war axe
 47856 | Vaults:3 | Reached skill level 1 in Translocations
 47856 | Vaults:3 | Reached skill level 1 in Evocations
 48505 | Vaults:3 | Reached skill level 24 in Fire Magic
 48686 | Vaults:3 | Found Ympieps's Jewellery Shoppe.
 49594 | Vaults:4 | Found a ruined gateway.
 49600 | Desolati | Entered the Desolation of Salt
 50044 | Desolati | Reached XP level 22. HP: 193/193 MP: 41/41
 50261 | Desolati | Got a shimmering whip
 50460 | Desolati | Got a scorched zirconium amulet
 50462 | Desolati | Identified the amulet "Ucusk" {Spirit SInv} (You found it in the Desolation of Salt)
 50501 | Desolati | Identified the Handbook of the Glacier
 50569 | Desolati | Got a slimy platinum ring
 50582 | Desolati | Identified the Guide on Damaging Cold
 50587 | Desolati | Got a flickering zirconium amulet
 50588 | Desolati | Identified the ring of Ykhlall {-Tele rPois rC+ Dex+3} (You found it in the Desolation of Salt)
 50589 | Desolati | Identified the amulet of Kasinn {+Rage Str-5 Int+2 SInv} (You found it in the Desolation of Salt)
 50793 | Desolati | Identified the +3 whip of the Scroll {antimagic, rN+ Int-5 Stlth+} (You found it in the Desolation of Salt)
 50795 | Desolati | Identified the +5 war axe of Terra Cotta {speed, Stlth+} (You found it on level 3 of the Vaults)
 51142 | Vaults:4 | Noticed an ancient lich
 51157 | Vaults:4 | Killed an ancient lich
 51427 | Vaults:4 | Found Ciqucvukh's Gadget Boutique.
 52011 | Vaults:5 | Entered Level 5 of the Vaults
 52013 | Vaults:5 | Noticed a golden dragon
 52024 | Vaults:5 | HP: 3/193 [golden dragon/bolt of cold (60)]
 52024 | Vaults:5 | Slain by a sphinx

Skill      XL: |  1  2  3  4  5  6  7  8  9 10 11 12 13 14 15 16 17 18 19 20 21 22 |
---------------+-------------------------------------------------------------------+-----
Conjurations   | 2 4 5 7 8 9 10 11 12 13 14 15 16 17 | 17.2
Fire Magic     | 4 5 7 8 9 11 13 14 15 16 17 18 20 21 22 23 24 | 24.9
Spellcasting   | 3 4 5 6 8 9 10 11 12 13 14 15 16 | 16.1
Dodging        | 3 5 6 7 9 10 11 12 13 14 | 14.4
Fighting       | 3 5 7 9 10 11 12 13 14 15 | 15.4
Charms         | 2 3 |  3.5
Translocations | 4 |  4.3
Evocations     | 4 |  4.8
Stealth        | |  1.7

Action                   |  1- 3 |  4- 6 |  7- 9 | 10-12 | 13-15 | 16-18 | 19-21 | 22-24 || total
-------------------------+-------+-------+-------+-------+-------+-------+-------+-------++-------
Melee: Unarmed           |    11 |       |       |       |       |       |       |       ||    11
       Tailslap          |     1 |     2 |     1 |     3 |     3 |     2 |       |       ||    12
       Broad axe         |     1 |    20 |       |       |       |       |       |       ||    21
       Hand axe          |       |     1 |    16 |       |       |       |       |       ||    17
       Short sword       |       |       |    16 |    53 |    11 |    19 |     6 |       ||   105
Throw: Throwing net      |       |       |       |       |     1 |     1 |     3 |       ||     5
 Cast: Flame Tongue      |    53 |    56 |   104 |   207 |   290 |    51 |    41 |     1 ||   803
       Conjure Flame     |     1 |     4 |     5 |    17 |    14 |    33 |     1 |       ||    75
       Throw Flame       |       |     4 |     9 |    34 |    43 |     5 |       |       ||    95
       Sticky Flame      |       |       |     6 |    65 |   128 |    93 |    39 |    10 ||   341
       Inner Flame       |       |       |     2 |     4 |     5 |     7 |       |       ||    18
       Fireball          |       |       |       |    30 |   217 |   103 |   159 |    11 ||   520
       Sting             |       |       |       |    11 |       |       |       |       ||    11
       Searing Ray       |       |       |       |     3 |       |       |       |       ||     3
       Regeneration      |       |       |       |     1 |    16 |    70 |    70 |     8 ||   165
       Iron Shot         |       |       |       |       |    15 |       |       |       ||    15
       Bolt of Magma     |       |       |       |       |    72 |   387 |   577 |    78 ||  1114
       Iskenderun's Myst |       |       |       |       |    26 |    77 |       |       ||   103
       Airstrike         |       |       |       |       |     3 |    10 |     5 |     1 ||    19
       Orb of Destructio |       |       |       |       |       |    35 |    41 |    12 ||    88
       Ignition          |       |       |       |       |       |     3 |    32 |     6 ||    41
       Blink             |       |       |       |       |       |       |    15 |     2 ||    17
       Gell's Gravitas   |       |       |       |       |       |       |     3 |     1 ||     4
 Abil: Breathe Steam     |       |       |    36 |    73 |   140 |    96 |    55 |    14 ||   414
Evoke: Wand              |     2 |     6 |     7 |     4 |    10 |     4 |       |       ||    33
       Phial of floods   |       |       |       |       |     1 |       |     1 |       ||     2
  Use: Scroll            |       |       |    18 |     9 |    20 |    14 |    16 |     6 ||    83
       Potion            |       |       |       |     4 |     6 |    19 |     9 |       ||    38
 Stab: Sleeping          |     1 |     2 |       |     2 |       |     1 |       |       ||     6
       Held in net/web   |       |       |       |       |     1 |       |       |       ||     1
  Eat: Chunk             |     4 |     5 |    11 |    28 |    52 |    55 |    55 |     7 ||   217
       Ration            |       |       |     2 |     3 |    13 |    13 |     9 |     1 ||    41
Armor: Skin              |     2 |    15 |    28 |    90 |   168 |   189 |    99 |     2 ||   593
Dodge: Dodged            |    24 |    43 |    28 |   113 |   256 |   359 |   204 |    19 ||  1046
